 Dungeon Crawl Stone Soup version 0.19-a0-1846-g9ebbe8c (webtiles) character file.

119 Jraekied the Sneak (level 5, -12/36 HPs)
             Began as an Octopode Assassin on Oct 9, 2016.
             Mangled by Ultraviolent4's ghost (14 damage)
             ... on level 3 of the Dungeon.
             The game lasted 00:07:25 (2852 turns).

Jraekied the Sneak (Octopode Assassin)              Turns: 2852, Time: 00:07:25

Health: -12/36     AC:  1    Str: 10    XL:     5   Next: 3%
Magic:  5/5        EV: 13    Int: 15    God:
Gold:   40         SH:  0    Dex: 13    Spells: 0 memorised, 4 levels left

rFire  . . .     SeeInvis .     a - +2 dagger
rCold  . . .     Gourm    .     (no shield)
rNeg   . . .     Faith    .     (helmet restricted)
rPois  .         Spirit   .     (no amulet)
rElec  .         Dismiss  .     (no ring)
rCorr  .         Reflect  .     (no ring)
MR     .....     Harm     .     (no ring)
Stlth  ++++......               (no ring)
                                (no ring)
                                (no ring)
                                (no ring)
                                (no ring)

@: no status effects
A: almost no armour, stealthy swim, amphibious, 8 rings, constrict 8, camouflage
1, gelatinous body 1
a: no special abilities


You were on level 3 of the Dungeon.
You were hungry.

You visited 1 branch of the dungeon, and saw 3 of its levels.

You collected 40 gold pieces.

Inventory:

Hand Weapons
 a - a +2 dagger (weapon)
 b - a +0 blowgun
Missiles
 c - 7 poisoned needles
 d - 14 curare-tipped needles
 e - 76 stones (quivered)
Scrolls
 g - 2 scrolls of remove curse
 k - a scroll of teleportation
Potions
 h - a potion of heal wounds {unknown}
 i - a potion of cancellation {unknown}
 j - a potion of resistance {unknown}
 l - a potion of curing {unknown}
 m - a potion of brilliance {unknown}
 o - a potion of cure mutation
 p - 2 potions of degeneration {unknown}
 r - a potion of ambrosia {unknown}
Comestibles
 f - 2 bread rations
 n - 3 fruits
 q - 3 royal jellies
 s - 2 meat rations


   Skills:
 + Level 2.8 Fighting
 * Level 3.9 Short Blades
 - Level 2.0 Throwing
 - Level 1.0 Dodging
 + Level 6.3 Stealth


You had 4 spell levels left.
You didn't know any spells.

Dungeon Overview and Level Annotations

Branches:
Dungeon (3/15)

Altars:
Kikubaaqudgha
Okawaru
Trog
Xom

Annotations:
D:3 Robin; Ultraviolent4's ghost, amateur MiBe


Innate Abilities, Weirdness & Mutations

You cannot wear most types of armour.
You are very stealthy in the water. (Stealth+)
You are amphibious.
You can wear up to eight rings at the same time.
You can use your tentacles to constrict eight enemies at once.
Your skin changes colour to match your surroundings (Stealth+).
Your rubbery body absorbs attacks. (AC +1, EV +1)


Message History

Ultraviolent4's ghost hits you!
You closely miss Ultraviolent4's ghost.
Your squeeze misses Ultraviolent4's ghost.
Ultraviolent4's ghost is severely damaged.
You are feeling hungry.
Ultraviolent4's ghost hits you.
You closely miss Ultraviolent4's ghost. You squeeze Ultraviolent4's ghost!
Ultraviolent4's ghost is almost destroyed.
Ultraviolent4's ghost barely misses you.
You completely miss Ultraviolent4's ghost.
Ultraviolent4's ghost is severely damaged.
You closely miss Ultraviolent4's ghost.
Your squeeze misses Ultraviolent4's ghost.
Ultraviolent4's ghost is severely damaged.
Ultraviolent4's ghost hits you!
* * * LOW HITPOINT WARNING * * *
You hit Ultraviolent4's ghost.
Ultraviolent4's ghost is almost destroyed.
Ultraviolent4's ghost hits you!
You die...

### #.......# ..## #.......# #..#
#########.......# ##.##
##.......#.......# ##..# #######
#......#.#....$..#
....####.....###..#...#.#.......#
..........................W>...<#
##..####......##....#(########...
....## #........@W(((.# #..W
.##..# #.........#..### #...
.###.###.#.#........### .... ##
#..##.._.......[...# #...g
##.##.#.#..........# #...g
#####..#......#.......# #....
...###.#......######### ...#
#.######.### ...# #.# #.....#


You could see Ultraviolent4's ghost.

Vanquished Creatures
  Ijyb (D:3)
  2 adders (D:2)
  An ooze (D:3)
  3 worms
  2 dart slugs
  3 leopard geckos
  3 orcs (D:3)
  3 bats (D:1)
  4 giant cockroaches
  8 goblins
  7 hobgoblins
  3 jackals (D:1)
  A kobold (D:3)
  A quokka (D:2)
  2 frilled lizards
  4 rats
48 creatures vanquished.

Vanquished Creatures (others)
  An orc (D:3)
1 creature vanquished.

Grand Total: 49 creatures vanquished

Notes
Turn   | Place    | Note
-------+----------+-------------------------------------------
     0 | D:1      | Jraekied the Octopode Assassin began the quest for the Orb.
     0 | D:1      | Reached XP level 1. HP: 14/14 MP: 1/1
    49 | D:1      | Reached XP level 2. HP: 13/19 MP: 2/2
   393 | D:1      | Reached XP level 3. HP: 24/24 MP: 3/3
   695 | D:2      | Found a shimmering altar of Xom.
   698 | D:2      | Found an iron altar of Okawaru.
   700 | D:2      | Found a bloodstained altar of Trog.
  1298 | D:3      | Reached skill level 6 in Stealth
  1298 | D:3      | Reached XP level 4. HP: 30/30 MP: 4/4
  1303 | D:3      | Noticed Robin
  1603 | D:3      | HP: 1/30 [orc (6)]
  2130 | D:3      | Noticed Ijyb
  2344 | D:3      | Found an ancient bone altar of Kikubaaqudgha.
  2434 | D:3      | Killed Ijyb
  2683 | D:3      | Reached XP level 5. HP: 29/36 MP: 5/5
  2827 | D:3      | Noticed Ultraviolent4's ghost (amateur MiBe)
  2852 | D:3      | Mangled by Ultraviolent4's ghost

Vault maps used:
D:1:      minmay_arrival_diagonal_passages
D:2:      grunt_temple_overflow_open, first_bread
D:3:      lemuel_crystal_altar, vehumet_crystals, lemuel_doored_altar,
          led_sif_book, uniq_iyjb, uniq_terence, uniq_robin

Skill      XL: |  1  2  3 |
---------------+----------+-----
Short Blades   | 3 |  3.9
Stealth        | 6 |  6.3
Fighting       | |  2.8
Throwing       | |  2.0
Dodging        | |  1.0

Action                   |  1- 3 |  4- 6 || total
-------------------------+-------+-------++-------
Melee: Dagger            |    51 |    53 ||   104
       Constrict         |    11 |    11 ||    22
       Tentacles         |     9 |    14 ||    23
 Fire: Blowgun           |       |    10 ||    10
Throw: Stone             |       |     5 ||     5
  Use: Scroll            |       |     6 ||     6
 Stab: Sleeping          |    14 |     1 ||    15
       Distracted        |       |     1 ||     1
  Eat: Bread ration      |       |     1 ||     1
       Chunk             |       |     1 ||     1
Armor: Skin              |     1 |     3 ||     4
Dodge: Dodged            |    18 |    22 ||    40
